 Dungeon Crawl Stone Soup version 0.28.0-47-ge53b351184 (webtiles) character file.

Game seed: 13430905621109972121

476 Iusername the Slasher (level 7, -2/54 HPs)
             Began as a Human Fighter on May 2, 2022.
             Was an Initiate of Dithmenos.
             Slain by an orc wizard
             ... wielding a +0 dagger
              (3 damage)
             ... on level 4 of the Dungeon.
             The game lasted 00:06:05 (3750 turns).

Iusername the Slasher (Human Fighter)               Turns: 3750, Time: 00:06:06

Health: -2/54      AC:  9    Str: 18    XL:     7   Next: 33%
Magic:  7/7        EV:  9    Int:  8    God:    Dithmenos [......]
Gold:   115        SH:  5    Dex: 13    Spells: 6/6 levels left

rFire   . . .      SeeInvis .   a - +0 long sword
rCold   . . .      Faith    .   c - +0 buckler
rNeg    . . .      Spirit   .   b - +0 scale mail
rPois   .          Reflect  .   d - +0 helmet
rElec   .          Harm     .   j - +0 cloak
rCorr   .          Rampage  .   (no gloves)
Will    .....                   (no boots)
Stlth   ..........              (no amulet)
HPRegen 0.18/turn               (no ring)
MPRegen 0.10/turn               (no ring)

@: invisible
A: no striking features
a: Renounce Religion


You were on level 4 of the Dungeon.
You worshipped Dithmenos.
Dithmenos was noncommittal.
You visited 1 branch of the dungeon, and saw 4 of its levels.

You collected 115 gold pieces.

Inventory:

Hand Weapons
 a - a +0 long sword (weapon)
Armour
 b - a +0 scale mail (worn)
 c - a +0 buckler (worn)
 d - a +0 helmet (worn)
 j - a +0 cloak (worn)
Wands
 o - a wand of acid (9)
Scrolls
 g - 2 scrolls of enchant weapon {unknown}
 h - 3 scrolls of identify {unknown}
 i - a scroll of fog {unknown}
 l - a scroll of enchant armour {unknown}
 p - a scroll of amnesia {unknown}
 q - a scroll of noise {unknown}
 s - a scroll of teleportation {unknown}
Potions
 e - 2 potions of haste
 k - a potion of mutation {unknown}
 m - a potion of lignification {unknown}
 r - a potion of resistance {unknown}
 t - a potion of might


   Skills:
 + Level 4.1 Fighting
 + Level 5.0 Long Blades
 + Level 4.4 Armour
 + Level 1.6 Dodging
 + Level 1.0 Stealth
 + Level 3.7 Shields


You had 6 spell levels left.
You didn't know any spells.
Your spell library contained the following spells:

 Spells                   Type           Power      Damage    Failure   Level
 Summon Small Mammal      Summ           0%         N/A       86%         1
 Corpse Rot               Necr/Air       0%         N/A       95%         2
 Call Canine Familiar     Summ           0%         N/A       99%         3
 Summon Guardian Golem    Hex/Summ       0%         N/A       99%         3
 Dispel Undead            Necr           0%         3d6       100%        4
 Death Channel            Necr           0%         N/A       100%        6


Dungeon Overview and Level Annotations

Branches:
Dungeon (4/15)
 Temple: D:4-7

Altars:
Dithmenos

Shops:
D:2 *


Message History

Something hits you but does no damage. The orc closely misses you.
You closely miss the jackal.
The jackal is severely wounded.
The jackal bites you but does no damage.
You hear some strange, mumbled words.
A magic dart appears from out of thin air!
The magic dart hits you but does no damage.
The jackal bites you but does no damage.
The orc barely misses you.
You hit the jackal.
You kill the jackal!
Dithmenos accepts your kill. Something hits you but does no damage.
The orc hits you but does no damage.
You barely miss the iguana. The iguana barely misses you.
Something hits you but does no damage.
The orc hits you from afar with a +0 trident.
The iguana barely misses you. Something hits you.
You slash the iguana!
The iguana is heavily wounded.
The orc hits you from afar with a +0 trident.
* * * LOW HITPOINT WARNING * * *
The iguana bites you!
* * * LOW HITPOINT WARNING * * *
Something hits you but does no damage. You block the orc's attack.
You slash the iguana!
You kill the iguana!
Dithmenos accepts your kill. Something hits you but does no damage.
The orc hits you but does no damage.
Your Long Blades skill increases to level 5!
You miss something. Something hits you.
* * * LOW HITPOINT WARNING * * *
The orc hits you from afar with a +0 trident.
* * * LOW HITPOINT WARNING * * *
You closely miss something. Something hits you.
* * * LOW HITPOINT WARNING * * *
You block the orc's attack.
It was a potion of invisibility.
You fade into invisibility!
Something hits you.
You die...

#.# ......##....... ##. #.#
#.......#..#....... #. #.#
#.................. #. #.#
#..................####. #.#
#...........)....##..#.
#####.#### #$.............##...#.
#[.......# #............##....#.
#........#####...{......##.......
#.<..........##.@.o....##........
#........###..####''####.........
#........# ##...........)........
########## ##........##...(.....
###..######.##....>....
#######...## #......#####..
#........## #....### ###
#........# #....# #........#
#....#


You could see an orc.

Vanquished Creatures
  A bullfrog (D:4)
  2 scorpions (D:4)
  2 hounds (D:4)
  A bullfrog skeleton (D:3)
  Jessica (D:2)
  An iguana (D:4)
  5 adders
  An ufetubus (D:4)
  2 adder skeletons (D:4)
  5 worms (D:2)
  6 orcs (D:3)
  10 ball pythons
  7 bats
  4 endoplasms
  10 goblins
  5 hobgoblins
  5 jackals
  A quokka (D:1)
  6 frilled lizards
  4 kobolds
  4 rats
83 creatures vanquished.

Notes
Turn   | Place    | Note
-------+----------+-------------------------------------------
     0 | D:1      | Iusername the Human Fighter began the quest for the Orb.
     0 | D:1      | Reached XP level 1. HP: 18/18 MP: 1/1
   166 | D:1      | Reached XP level 2. HP: 23/24 MP: 2/2
   219 | D:1      | Found a faded altar of an unknown god.
   698 | D:2      | Reached XP level 3. HP: 29/29 MP: 3/3
  1231 | D:2      | Noticed Jessica
  1239 | D:2      | Killed Jessica
  1240 | D:2      | Reached XP level 4. HP: 30/35 MP: 4/4
  1290 | D:2      | Found Jyri's General Store.
  1447 | D:2      | Reached skill level 1 in Dodging
  1488 | D:3      | Reached skill level 3 in Long Blades
  1492 | D:3      | Reached XP level 5. HP: 40/41 MP: 5/5
  2880 | D:4      | Reached skill level 4 in Long Blades
  2880 | D:4      | Reached XP level 6. HP: 38/48 MP: 6/6
  3404 | D:4      | Found a shadowy altar of Dithmenos.
  3427 | D:4      | Became a worshipper of Dithmenos the Shadowed
  3558 | D:4      | Reached skill level 1 in Stealth
  3558 | D:4      | Reached XP level 7. HP: 46/54 MP: 7/7
  3748 | D:4      | Reached skill level 5 in Long Blades
  3749 | D:4      | HP: 1/54 [something (3)]
  3750 | D:4      | Slain by an orc wizard

Illustrated notes

Levels and vault maps discovered:
D:1:      lightli_arrival_farm, layout_basic,
          hellmonk_ecumenical_altar_arch_garden, grunt_decor_resistance
D:2:      layout_rooms, serial_shops, nicolae_square_shop,
          minmay_misc_feat_four_crosses, kennysheep_nub, uniq_jessica
D:3:      layout_basic, minmay_distorted
D:4:      kennysheep_big_flooded_room, layout_rooms,
          nicolae_dithmenos_shadow_blocks

Skill      XL: |  1  2  3  4  5  6  7 |
---------------+----------------------+-----
Dodging        | 1 |  1.6
Long Blades    | 3 4 5 |  5.0
Armour         | 4 |  4.4
Fighting       | 4 |  4.1
Stealth        | 1 |  1.0
Shields        | |  3.7

Action                   |  1- 3 |  4- 6 |  7- 9 || total
-------------------------+-------+-------+-------++-------
Melee: Long sword        |    72 |   156 |    26 ||   254
  Use: Potion            |     1 |     4 |     1 ||     6
Armor: Scale mail        |    53 |    81 |    37 ||   171
Dodge: Dodged            |    44 |    86 |    31 ||   161
Block: Buckler           |    18 |    37 |     9 ||    64
